[Event "RUS-chT Premier 2021"]
[White "Truskavetsky,Alexandr"]
[Black "Chigaev,Maksim"]
[WhiteTeam "Киммерия"]
[BlackTeam "Wildberries Молодёжка"]
[Site "Sochi"]
[Round "4.1"]
[Annotator "RC"]
[Result "0-1"]
[Date "2021.05.04"]
[WhiteElo "2387"]
[BlackElo "2631"]
[PlyCount "103"]
[TimeControl "60"]

1. d4 Nf6 2. Nf3 g6 3. g3 Bg7 4. Bg2 c5 5. dxc5 Qa5+ 6. Nfd2 Qxc5 7. Nc3 0-0 8. Nb3 Qc7 9. Bg5 Qd8 10. Qd2 Nc6 11. h4 h5 12. Bxf6 Bxf6 13. g4 hxg4 14. h5 g5 15. Ne4 d5 16. Nxf6+ exf6 17. 0-0-0 Be6 18. f4 gxf3 19. exf3 Qd6 20. f4 Qxf4 21. Qxf4 gxf4 22. Rh4 Kg7 23. Rxf4 Rh8 24. Bf3 Rh6 25. Nc5 b6 26. Nb7 Ne5 27. Be2 Kf8 28. Nd6 Ke7 29. Nf5+ Bxf5 30. Rxf5 Rg8 31. Rf4 Rg2 32. Re1 Rh8 33. Rd4 Rd8 34. b3 Rh2 35. a4 a5 36. Bf3 Rh3 37. Be2 Re3 38. Kd2 Re4 39. c3 f5 40. Rf1 Ke6 41. Rh1 Rh8 42. h6 Ng4 43. Rh3 Rxd4+ 44. cxd4 Nxh6 45. Ke3 f6 46. Kf4 Nf7 47. Re3+ Kd6 48. Kxf5 Nd8 49. Bb5 Rh2 50. Re8 Rf2+ 51. Kg4 Ne6 52. Rb8 0-1

[Event "RUS-chT Premier 2021"]
[White "Paravyan,David"]
[Black "Musalov,Ruslan"]
[WhiteTeam "Wildberries Молодёжка"]
[BlackTeam "Киммерия"]
[Site "Sochi"]
[Round "4.2"]
[Annotator "RC"]
[Result "1-0"]
[Date "2021.05.04"]
[WhiteElo "2647"]
[BlackElo "2359"]
[PlyCount "99"]
[TimeControl "60"]

1. d4 d5 2. c4 e6 3. Nf3 Nf6 4. g3 dxc4 5. Bg2 Bb4+ 6. Bd2 c5 7. 0-0 0-0 8. Qc1 b5 9. a4 bxa4 10. dxc5 Bxc5 11. Ng5 Nd5 12. e4 Nb6 13. e5 h6 14. Ne4 Be7 15. Bxh6 gxh6 16. Qxh6 f5 17. Qg6+ Kh8 18. Qh6+ Kg8 19. Qg6+ Kh8 20. Nbc3 Nc6 21. Qh6+ Kg8 22. Qg6+ Kh8 23. Nf6 Bxf6 24. exf6 Qxf6 25. Qh5+ Kg7 26. Bxc6 Rb8 27. Nxa4 Rf7 28. Nc3 Bb7 29. Bxb7 Rbxb7 30. Rfe1 Rfe7 31. Ra5 Rbd7 32. Rae5 Rd2 33. Rxe6 Rxe6 34. Rxe6 Qxe6 35. Qg5+ Kf7 36. Qxd2 Nd7 37. Qd4 a6 38. Nd5 Qe1+ 39. Kg2 Qe4+ 40. Qxe4 fxe4 41. f4 a5 42. Kf1 Nc5 43. Ne3 Nd3 44. Nxc4 a4 45. Ne5+ Ke6 46. Nxd3 exd3 47. Ke1 Kd5 48. Kd2 Kc4 49. f5 Kb3 50. f6 1-0

[Event "RUS-chT Premier 2021"]
[White "Alexeev,Alexey"]
[Black "Riazantsev,Alexander"]
[WhiteTeam "Киммерия"]
[BlackTeam "Wildberries Молодёжка"]
[Site "Sochi"]
[Round "4.3"]
[Annotator "RC"]
[Result "0-1"]
[Date "2021.05.04"]
[WhiteElo "2243"]
[BlackElo "2631"]
[PlyCount "90"]
[TimeControl "60"]

1. e4 c5 2. a3 g6 3. b4 Bg7 4. Nc3 d6 5. g3 b6 6. Bg2 Bb7 7. Nge2 e6 8. 0-0 Ne7 9. Rb1 Nbc6 10. d3 0-0 11. b5 Nd4 12. Nxd4 cxd4 13. Ne2 Rc8 14. Bb2 e5 15. c3 dxc3 16. Bxc3 Qd7 17. f4 f5 18. Qb3+ Kh8 19. Bh3 Ng8 20. fxe5 dxe5 21. Rbd1 Nh6 22. Qb2 Rce8 23. a4 Rf7 24. Nc1 Qe7 25. Bb4 Qg5 26. Qe2 f4 27. Bd2 Ref8 28. Kh1 Qd8 29. Bb4 Re8 30. Nb3 Nf5 31. gxf4 exf4 32. Rxf4 Nd4 33. Nxd4 Rxf4 34. Nc6 Qf6 35. Bd7 Rf2 36. Qe3 Rf1+ 37. Rxf1 Qxf1+ 38. Qg1 Qxd3 39. Bxe8 Qxe4+ 40. Qg2 Qb1+ 41. Qg1 Qxb4 42. Qe3 Qxa4 43. Qd3 Qd4 44. Qe2 Qd5+ 45. Qg2 Qxb5 0-1

[Event "RUS-chT Premier 2021"]
[White "Antipov,Mikhail Al."]
[Black "Babakekhyan,Artem"]
[WhiteTeam "Wildberries Молодёжка"]
[BlackTeam "Киммерия"]
[Site "Sochi"]
[Round "4.4"]
[Annotator "RC"]
[Result "1-0"]
[Date "2021.05.04"]
[WhiteElo "2609"]
[BlackElo "2214"]
[PlyCount "59"]
[TimeControl "60"]

1. e4 c6 2. d4 d5 3. exd5 cxd5 4. Bd3 Nc6 5. c3 Nf6 6. h3 Qc7 7. Nf3 g6 8. Qc2 Nh5 9. 0-0 Nf4 10. Bb5 Bf5 11. Bxf4 Qxf4 12. Qa4 Qd6 13. c4 Bxb1 14. Ne5 Bf5 15. cxd5 Qxd5 16. Rac1 Rc8 17. Nxc6 bxc6 18. Bxc6+ Rxc6 19. Rxc6 Kd8 20. Rfc1 Bh6 21. R1c5 Qe4 22. Qa5+ Ke8 23. Rc8+ Bxc8 24. Rxc8+ Kd7 25. Rxh8 Bf4 26. Qa4+ Kd6 27. Qa6+ Kc7 28. Qxa7+ Kd6 29. Qb6+ Kd5 30. Qb7+ 1-0

[Event "RUS-chT Premier 2021"]
[White "Pervakov,Sergey"]
[Black "Yuffa,Daniil"]
[WhiteTeam "Киммерия"]
[BlackTeam "Wildberries Молодёжка"]
[Site "Sochi"]
[Round "4.5"]
[Annotator "ChessBase"]
[Result "0-1"]
[Date "2021.05.04"]
[WhiteElo "2056"]
[BlackElo "2584"]
[PlyCount "70"]
[TimeControl "60"]

1. e4 c5 2. a3 Nc6 3. b4 Nf6 4. b5 Nd4 5. c3 Ne6 6. e5 Nd5 7. Qb3 Ndc7 8. Nf3 b6 9. d4 Bb7 10. Be3 Bxf3 11. gxf3 g6 12. d5 Ng7 13. f4 d6 14. c4 Nf5 15. Nd2 Bg7 16. Nf3 a6 17. bxa6 Rxa6 18. Bd3 Qd7 19. Rg1 0-0 20. Rg5 Nxe3 21. fxe3 f6 22. Rg3 fxe5 23. fxe5 dxe5 24. Be4 Qa4 25. Qd3 b5 26. Nd2 b4 27. h4 bxa3 28. h5 a2 29. hxg6 h6 30. Qb3 Qa5 31. Ke2 Ne8 32. Qb5 Qc3 33. Rgg1 Raf6 34. Rxa2 Nd6 35. Qa5 Rf2+ 0-1

[Event "RUS-chT Premier 2021"]
[White "Oparin,Grigoriy"]
[Black "Lobanov,Sergei"]
[WhiteTeam "Ладья"]
[BlackTeam "СШОР"]
[Site "Sochi"]
[Round "4.8"]
[Annotator "RC"]
[Result "1-0"]
[Date "2021.05.04"]
[WhiteElo "2652"]
[BlackElo "2520"]
[PlyCount "77"]
[TimeControl "60"]

1. d4 Nf6 2. c4 e6 3. Nf3 d5 4. g3 Be7 5. Bg2 0-0 6. Qc2 b6 7. cxd5 exd5 8. Bf4 c5 9. 0-0 Nc6 10. Nc3 Be6 11. Rfd1 Rc8 12. e3 c4 13. Ne5 Nb4 14. Qe2 Ne8 15. e4 Nf6 16. a3 Nd3 17. Nxd3 cxd3 18. Qxd3 dxe4 19. Nxe4 Nd5 20. Bd2 h6 21. Rac1 Qd7 22. Rxc8 Rxc8 23. Rc1 Rxc1+ 24. Bxc1 Bf5 25. Bd2 Qe6 26. Qf3 Bg4 27. Qb3 Qd7 28. Nc3 Nf6 29. Be3 Bh3 30. d5 Bxg2 31. Kxg2 Qf5 32. Qc4 g5 33. h3 h5 34. Bd4 g4 35. hxg4 hxg4 36. Qc6 Qf3+ 37. Kg1 Nh5 38. Qe8+ Bf8 39. Qe5 1-0

[Event "RUS-chT Premier 2021"]
[White "Usmanov,Vasily"]
[Black "Timofeev,Artyom"]
[WhiteTeam "СШОР"]
[BlackTeam "Ладья"]
[Site "Sochi"]
[Round "4.9"]
[Annotator "ChessBase"]
[Result "1/2-1/2"]
[Date "2021.05.04"]
[WhiteElo "2447"]
[BlackElo "2594"]
[PlyCount "276"]
[TimeControl "60"]

1. c4 Nf6 2. Nc3 d5 3. cxd5 Nxd5 4. g3 g6 5. Bg2 Nb6 6. a4 a5 7. h4 h6 8. d3 c6 9. Be3 Na6 10. Nf3 Bg7 11. Qd2 Nb4 12. 0-0 N6d5 13. Bd4 Nf6 14. Na2 Nxa2 15. Rxa2 Be6 16. Ra3 Bd5 17. e4 Be6 18. b4 0-0 19. Rb1 Bc8 20. b5 Bd7 21. bxc6 Bxc6 22. Qb2 Qc8 23. Ne5 Rd8 24. Bc3 Qe6 25. Bf3 g5 26. hxg5 hxg5 27. Be2 Rac8 28. Qb3 Qxb3 29. Rbxb3 Ra8 30. Nc4 Nd7 31. Bxa5 Re8 32. Bd2 Nc5 33. Rb4 Nxa4 34. Bxg5 b5 35. Nd2 Nc3 36. Rxa8 Nxe2+ 37. Kf1 Nxg3+ 38. fxg3 Rxa8 39. d4 e6 40. d5 Bc3 41. Rb3 Bxd2 42. Bxd2 exd5 43. Rc3 Ra6 44. exd5 Bxd5 45. Rc8+ Kh7 46. Rb8 Kg6 47. Kf2 Bc4 48. g4 Kf6 49. Re8 Ra3 50. Be3 Be6 51. Bd4+ Kg5 52. Rg8+ Kf4 53. g5 Ra2+ 54. Ke1 Ke4 55. Rd8 b4 56. Bf6 Bd5 57. Kd1 b3 58. Kc1 Rc2+ 59. Kb1 Rg2 60. Rd6 Be6 61. Rd4+ Ke3 62. Ra4 Bf5+ 63. Ka1 Kd3 64. Rd4+ Kc2 65. Rc4+ Kd1 66. Rd4+ Kc1 67. Rc4+ Bc2 68. Rc7 Rg4 69. Bb2+ Kd1 70. Rd7+ Ke2 71. Bf6 Ra4+ 72. Kb2 Ra2+ 73. Kc1 Bf5 74. Re7+ Kd3 75. Bb2 Ra8 76. Rxf7 Rc8+ 77. Kb1 Be4 78. Bf6 Kd2+ 79. Kb2 Rc2+ 80. Ka3 Ra2+ 81. Kb4 b2 82. Bxb2 Rxb2+ 83. Kc5 Ke3 84. Rf1 Rg2 85. Re1+ Kf4 86. Kd4 Bf5 87. Rf1+ Kxg5 88. Ke5 Re2+ 89. Kd5 Kf6 90. Rd1 Re7 91. Rd4 Re8 92. Rh4 Rd8+ 93. Kc5 Ke5 94. Rh5 Rc8+ 95. Kb5 Ke4 96. Kb6 Rc1 97. Kb5 Bd7+ 98. Kb6 Kd4 99. Rh2 Rb1+ 100. Kc7 Bf5 101. Re2 Kd5 102. Rd2+ Kc5 103. Re2 Bd3 104. Re5+ Kd4 105. Rh5 Be4 106. Rh2 Kc5 107. Kd7 Bd5 108. Rc2+ Bc4 109. Ke7 Rf1 110. Ke8 Rf4 111. Kd7 Rf7+ 112. Kc8 Kd5 113. Kb8 Ba6 114. Rc7 Rf8+ 115. Ka7 Kd6 116. Rc1 Be2 117. Kb6 Rb8+ 118. Ka5 Kd5 119. Ka4 Kd4 120. Ka3 Rb6 121. Rc2 Bd3 122. Rb2 Rc6 123. Kb4 Rc7 124. Ka5 Rc8 125. Rb6 Kc4 126. Rb4+ Kc3 127. Rb7 Rc6 128. Ra7 Bc4 129. Ra8 Kd4 130. Rb8 Ra6+ 131. Kb4 Ra1 132. Rd8+ Bd5 133. Kb5 Rb1+ 134. Ka4 Rb7 135. Rc8 Bc4 136. Ka5 Rb5+ 137. Ka4 Kc3 138. Rc6 Rh5 1/2-1/2

[Event "RUS-chT Premier 2021"]
[White "Samusenko,Maksim"]
[Black "Pershin,Denis"]
[WhiteTeam "Ладья"]
[BlackTeam "СШОР"]
[Site "Sochi"]
[Round "4.10"]
[Annotator "ChessBase"]
[Result "1-0"]
[Date "2021.05.04"]
[WhiteElo "2467"]
[BlackElo "2391"]
[PlyCount "53"]
[TimeControl "60"]

1. e4 c6 2. Nc3 d5 3. Nf3 Bg4 4. h3 Bxf3 5. Qxf3 e6 6. Be2 Nf6 7. 0-0 Bc5 8. Rd1 Bd4 9. Qf4 dxe4 10. d3 exd3 11. Bxd3 Bxc3 12. bxc3 Qe7 13. Qg3 0-0 14. Rb1 b6 15. Bg5 Nbd7 16. Rb4 Rfd8 17. Rf4 e5 18. Bxh7+ Kf8 19. Rh4 Qe6 20. Be4 Nc5 21. Re1 Ncxe4 22. Rexe4 Re8 23. f4 exf4 24. Bxf6 gxf6 25. Rh8+ Ke7 26. Rxe6+ Kxe6 27. Rxe8+ 1-0

[Event "RUS-chT Premier 2021"]
[White "Saveliev,Alexei"]
[Black "Faizrakhmanov,Ramil"]
[WhiteTeam "СШОР"]
[BlackTeam "Ладья"]
[Site "Sochi"]
[Round "4.11"]
[Annotator "ChessBase"]
[Result "1-0"]
[Date "2021.05.04"]
[WhiteElo "2358"]
[BlackElo "2477"]
[PlyCount "99"]
[TimeControl "60"]

1. e4 c6 2. d4 d5 3. exd5 cxd5 4. Bd3 Nc6 5. c3 Qc7 6. Ne2 Bg4 7. 0-0 e6 8. Qe1 Nf6 9. Bf4 Bd6 10. Bxd6 Qxd6 11. Ng3 0-0 12. h3 Bh5 13. Nd2 Rae8 14. f4 Bg6 15. Bxg6 hxg6 16. Qe2 Ne7 17. Rae1 Nf5 18. Nh1 Qc7 19. g4 Nd6 20. Nf2 b5 21. Nd3 Nfe4 22. Rf3 f6 23. h4 a5 24. a3 Qc8 25. Rh3 Rf7 26. Nf3 Nc4 27. Qg2 Kf8 28. h5 gxh5 29. Rxh5 Ncd6 30. f5 exf5 31. Nf4 g5 32. Nxd5 Qe6 33. Rh8+ Kg7 34. Rxe8 Nxe8 35. Nh4 N8d6 36. Nf4 Qd7 37. Nxf5+ Nxf5 38. gxf5 Nd6 39. Ne6+ Kg8 40. Qa8+ Nc8 41. Re2 a4 42. Qf3 Rh7 43. Nc5 Qd8 44. Re6 Rh6 45. Qb7 Rh7 46. Qxb5 Ne7 47. Ne4 Rh4 48. Nxf6+ Kf7 49. Qe5 Qf8 50. Ne4 1-0

[Event "RUS-chT Premier 2021"]
[White "Gaifullin,Artur"]
[Black "Timerkhanov,Alexander"]
[WhiteTeam "Ладья"]
[BlackTeam "СШОР"]
[Site "Sochi"]
[Round "4.12"]
[Annotator "ChessBase"]
[Result "0-1"]
[Date "2021.05.04"]
[WhiteElo "2450"]
[BlackElo "2400"]
[PlyCount "130"]
[TimeControl "60"]

1. d4 d5 2. Nf3 Nf6 3. c4 c6 4. Nc3 a6 5. g3 dxc4 6. Bg2 b5 7. 0-0 Bb7 8. e4 e6 9. e5 Nd5 10. Ne4 h6 11. Nh4 Be7 12. Qh5 g6 13. Nxg6 fxg6 14. Qxg6+ Kd7 15. Bh3 Qg8 16. Qh5 Kc7 17. Nf6 Qf8 18. Bxe6 Nxf6 19. exf6 Qxf6 20. Re1 Bd6 21. Bd2 Bc8 22. Ba5+ Kb7 23. Qh3 Bc7 24. Bc3 Rf8 25. Bxc8+ Rxc8 26. Re6 Qf3 27. Re3 Qd5 28. Re7 a5 29. Rae1 b4 30. Bd2 Na6 31. Rd7 Qf3 32. Qf1 Re8 33. Be3 Rad8 34. Rh7 Rh8 35. Rxh8 Rxh8 36. Qxc4 h5 37. h4 Re8 38. Qe2 Qxe2 39. Rxe2 Bb6 40. Rd2 Nc7 41. Kg2 Nd5 42. Kf3 Ka6 43. Bg5 a4 44. Rd1 Kb5 45. g4 Rf8+ 46. Ke4 hxg4 47. h5 Nf6+ 48. Bxf6 Rxf6 49. Rh1 Rxf2 50. h6 Re2+ 51. Kd3 Re8 52. h7 Rh8 53. Rh5+ c5 54. b3 axb3 55. axb3 g3 56. Ke2 Kc6 57. d5+ Kd7 58. Kf3 Bc7 59. Kg2 Bd6 60. Rh6 Bf4 61. Rf6 Be5 62. Rh6 Rf8 63. Kg1 Ra8 64. Rg6 Ra2 65. Rg4 Rh2 0-1

[Event "RUS-chT Premier 2021"]
[White "Goryachkina,Aleksandra"]
[Black "Malakhov,Vladimir"]
[WhiteTeam "Гоголевский, 14"]
[BlackTeam "Шахматная сборная Москвы"]
[Site "Sochi"]
[Round "4.14"]
[Annotator "RC"]
[Result "1/2-1/2"]
[Date "2021.05.04"]
[WhiteElo "2593"]
[BlackElo "2665"]
[PlyCount "61"]
[TimeControl "60"]

1. d4 d5 2. c4 c6 3. Nf3 Nf6 4. Nc3 dxc4 5. a4 Bf5 6. e3 e6 7. Bxc4 Bb4 8. 0-0 Nbd7 9. Qe2 Bg4 10. h3 Bxf3 11. Qxf3 0-0 12. Rd1 Rc8 13. e4 e5 14. Be3 Qe7 15. d5 Nb6 16. Bb3 cxd5 17. Nxd5 Nbxd5 18. Bxd5 Nxd5 19. Rxd5 b6 20. Rad1 Rcd8 21. Qg4 Rxd5 22. Rxd5 Rd8 23. Bh6 g6 24. Qd1 Rd6 25. Qd3 Bc5 26. Rxd6 Qxd6 27. Qa6 Qd1+ 28. Kh2 Qd7 29. Kg1 Qd1+ 30. Kh2 Qd7 31. Kg1 1/2-1/2

[Event "RUS-chT Premier 2021"]
[White "Sjugirov,Sanan"]
[Black "Kobalia,Mikhail"]
[WhiteTeam "Шахматная сборная Москвы"]
[BlackTeam "Гоголевский, 14"]
[Site "Sochi"]
[Round "4.15"]
[Annotator "RC"]
[Result "1/2-1/2"]
[Date "2021.05.04"]
[WhiteElo "2663"]
[BlackElo "2587"]
[PlyCount "106"]
[TimeControl "60"]

1. d4 d5 2. c4 c6 3. Nf3 Nf6 4. Nc3 dxc4 5. a4 e6 6. e3 c5 7. Bxc4 Nc6 8. 0-0 cxd4 9. exd4 Be7 10. Qe2 0-0 11. Rd1 Nb4 12. Ne5 Bd7 13. a5 Bc6 14. a6 Nbd5 15. Bd2 Qd6 16. Bxd5 Nxd5 17. Ne4 Qb8 18. Nc5 Bxc5 19. dxc5 Be8 20. Ra3 bxa6 21. Rg3 Ne7 22. Bc3 Nf5 23. Rh3 Qc7 24. Ng4 Qf4 25. Ne3 Bb5 26. Qh5 h6 27. Nxf5 Qxf5 28. Qxf5 exf5 29. Rd6 f6 30. Rf3 Rfe8 31. Rxf5 Rac8 32. f3 Kf7 33. h3 Kg6 34. Rfd5 Re7 35. Bb4 Rec7 36. Kf2 a5 37. Ba3 Re8 38. Rd2 Rce7 39. g4 Re2+ 40. Kg3 Rxd2 41. Rxd2 h5 42. Kf2 Re6 43. b3 a4 44. bxa4 Bxa4 45. Rd6 Rxd6 46. cxd6 a5 47. Kg3 Bc6 48. Bb2 hxg4 49. hxg4 Kf7 50. f4 Ke6 51. g5 fxg5 52. Bxg7 gxf4+ 53. Kxf4 Kxd6 1/2-1/2

[Event "RUS-chT Premier 2021"]
[White "Murzin,Volodar"]
[Black "Sarana,Alexey"]
[WhiteTeam "Гоголевский, 14"]
[BlackTeam "Шахматная сборная Москвы"]
[Site "Sochi"]
[Round "4.16"]
[Annotator "RC"]
[Result "0-1"]
[Date "2021.05.04"]
[WhiteElo "2478"]
[BlackElo "2649"]
[PlyCount "138"]
[TimeControl "60"]

1. e4 c5 2. Nf3 d6 3. d4 cxd4 4. Qxd4 Nc6 5. Qe3 g6 6. Be2 Bg7 7. 0-0 Nf6 8. Rd1 0-0 9. Nc3 Ng4 10. Qf4 Qb6 11. Qg3 Qc5 12. Rd5 Qb6 13. Rd1 Qc5 14. h3 Nge5 15. Ne1 Nd4 16. Bf1 Nec6 17. Be3 f5 18. Qh4 fxe4 19. Nxe4 Nf5 20. Nxc5 Nxh4 21. Bc4+ Kh8 22. Ne6 Bxe6 23. Bxe6 Bxb2 24. Rab1 Bf6 25. Bd5 Rab8 26. g4 g5 27. c4 Rfc8 28. c5 dxc5 29. Bxc5 b6 30. Be3 Ne5 31. Rbc1 Kg7 32. Kf1 Nhg6 33. Ke2 Rxc1 34. Rxc1 Rd8 35. Bb3 b5 36. Ng2 a5 37. Rc5 a4 38. Bc2 Nc4 39. Rxb5 Nxe3 40. fxe3 Bc3 41. Bxa4 Rd2+ 42. Kf1 Rxa2 43. Bd1 h6 44. Rb1 Be5 45. Be2 Bg3 46. Ne1 Ne5 47. Rd1 Kf6 48. Rb1 e6 49. Rd1 Kf7 50. Rb1 Ke7 51. Rd1 Kf6 52. Rb1 Ra3 53. Nc2 Rc3 54. Rb2 Nf7 55. Ba6 Bd6 56. Ke2 Ne5 57. Ne1 Ra3 58. Bb5 Ra1 59. Nd3 Rg1 60. Rd2 Nf7 61. Nf2 Ke7 62. Bc6 Ne5 63. Ba8 Ra1 64. Bg2 Bb4 65. Rd1 Ra2+ 66. Kf1 Nc4 67. Rc1 Nxe3+ 68. Kg1 Nxg2 69. Kxg2 Bd2 0-1

[Event "RUS-chT Premier 2021"]
[White "Grachev,Boris"]
[Black "Savchenko,Boris"]
[WhiteTeam "Шахматная сборная Москвы"]
[BlackTeam "Гоголевский, 14"]
[Site "Sochi"]
[Round "4.17"]
[Annotator "RC"]
[Result "1/2-1/2"]
[Date "2021.05.04"]
[WhiteElo "2619"]
[BlackElo "2552"]
[PlyCount "113"]
[TimeControl "60"]

1. d4 e6 2. Nf3 c5 3. e3 Nf6 4. c4 d5 5. Nc3 a6 6. cxd5 exd5 7. Be2 c4 8. Ne5 b5 9. 0-0 Bb7 10. Bf3 Bd6 11. b3 b4 12. Na4 c3 13. a3 a5 14. Nc5 Qc7 15. Ned3 Na6 16. axb4 axb4 17. Nxb7 Qxb7 18. Nf4 Bb8 19. Qc2 0-0 20. Qf5 Nc7 21. Rxa8 Qxa8 22. g4 Rd8 23. g5 Nfe8 24. h4 g6 25. Qg4 Nb5 26. Nxd5 Rxd5 27. Bxd5 Qxd5 28. Qc8 Nbd6 29. Qxb8 Qf3 30. Qxb4 Qg4+ 31. Kh2 Qxh4+ 32. Kg1 Qxg5+ 33. Kh2 Qh4+ 34. Kg1 Qg4+ 35. Kh2 Qe2 36. Kg1 Qg4+ 37. Kh2 Qh4+ 38. Kg1 h5 39. Ba3 Qg4+ 40. Kh2 Qh4+ 41. Kg1 Kh7 42. Qb8 Qg4+ 43. Kh2 Qe2 44. Kg1 Ne4 45. Qxe8 Ng5 46. f4 Nh3+ 47. Kh1 Qxf1+ 48. Kh2 Ng5 49. fxg5 Qe2+ 50. Kg1 Qe1+ 51. Kg2 Qe2+ 52. Kg1 Qg4+ 53. Kf2 Qf5+ 54. Ke2 Qc2+ 55. Kf3 Qxb3 56. Qf8 Qd1+ 57. Ke4 1/2-1/2

[Event "RUS-chT Premier 2021"]
[White "Demidov,Mikhail"]
[Black "Popov,Ivan"]
[WhiteTeam "Гоголевский, 14"]
[BlackTeam "Шахматная сборная Москвы"]
[Site "Sochi"]
[Round "4.18"]
[Annotator "RC"]
[Result "0-1"]
[Date "2021.05.04"]
[WhiteElo "2523"]
[BlackElo "2630"]
[PlyCount "80"]
[TimeControl "60"]

1. Nf3 d5 2. e3 c6 3. c4 Bg4 4. cxd5 Bxf3 5. Qxf3 cxd5 6. Bb5+ Nc6 7. Bxc6+ bxc6 8. b3 e6 9. Bb2 Nf6 10. 0-0 Be7 11. Nc3 Qa5 12. Qe2 0-0 13. Na4 Qb5 14. Rfe1 Rfc8 15. Rac1 Nd7 16. Qg4 Bf8 17. Rc2 c5 18. Rec1 Rc6 19. e4 Qb4 20. d3 d4 21. Qe2 e5 22. f4 exf4 23. Rc4 Qb5 24. Bxd4 Rg6 25. Ba1 Nb6 26. Nxb6 axb6 27. Rf1 Qd7 28. e5 Qd5 29. Rcxf4 Ra7 30. d4 b5 31. dxc5 Bxc5+ 32. Kh1 h6 33. h3 Rga6 34. e6 Rxe6 35. Qxb5 Rxa2 36. Rg4 Rg6 37. Rxg6 fxg6 38. Rg1 Rd2 39. Bc3 Rd3 40. Qe8+ Kh7 0-1

[Event "RUS-chT Premier 2021"]
[White "Ponkratov,Pavel"]
[Black "Potkin,Vladimir"]
[WhiteTeam "Медный всадник"]
[BlackTeam "КПРФ"]
[Site "Sochi"]
[Round "4.24"]
[Annotator "RC"]
[Result "1/2-1/2"]
[Date "2021.05.04"]
[WhiteElo "2619"]
[BlackElo "2578"]
[PlyCount "53"]
[TimeControl "60"]

1. d4 Nf6 2. c4 e6 3. Nf3 d5 4. g3 Bb4+ 5. Nc3 0-0 6. Bg2 dxc4 7. 0-0 Nc6 8. Qa4 Nd5 9. Qc2 Be7 10. Rd1 Rb8 11. h4 b5 12. Ng5 g6 13. Nf3 Ba6 14. Ne4 Rb6 15. Bg5 Re8 16. Nc5 Qd6 17. e3 Bf8 18. h5 gxh5 19. Ne4 Qb4 20. Bf6 Bg7 21. Bxg7 Kxg7 22. Nc5 Nf6 23. a3 Qa5 24. Nd2 b4 25. axb4 Qb5 26. Qa4 Nxb4 27. Nxa6 1/2-1/2